 Dungeon Crawl Stone Soup version 0.31-a0-984-gbfb7dba898 (webtiles) character file.

Game seed: 7694439744362037932

234028 Jannitor the Eclecticist (level 18, -11/110 HPs)
             Began as a Deep Elf Delver on Oct 27, 2023.
             Was an Initiate of Gozag.
             Mangled by a war gargoyle
             ... wielding a +0 dire flail
             ... led by a peacekeeper
              (32 damage)
             ... on level 2 of the Vaults on Nov 3, 2023.
             The game lasted 02:45:23 (52631 turns).

Jannitor the Eclecticist (Deep Elf Delver)         Turns: 52631, Time: 02:45:24

Health: -11/110    AC: 14    Str: 10    XL:     18   Next: 86%
Magic:  5/42       EV: 13    Int: 29    God:    Gozag
Gold:   4263       SH: 17    Dex: 17    Spells: 12/53 levels left

rFire   + . .        k - +11 rapier of Karma {spect, rN+ Will+ Str-3}
rCold   . . .        d - +1 kite shield {reflect}
rNeg    + . .        J - +4 ring mail "Qiocketz" {Int+4}
rPois   +            v - +0 mask of the Dragon {Will+ Slay+3 SInv}
rElec   .            L - scarf {repulsion}
rCorr   .            z - +2 pair of gloves {Stlth+}
SInv    +            i - +0 pair of boots
Will    +++..        B - amulet of Eternal Harmony {Reflect Int+2 SH+5}
Stlth   ++++++       b - ring "Fyzam" {Wiz *Slow rPois Dex+2}
HPRegen 0.38/turn    o - ring of Qawnirre {Fire Str+5 Dex-5 SInv}
MPRegen 0.28/turn

%: slow self (1%), repel missiles, reflection, wizardry (x1)
@: very slightly contaminated, studying Shields
A: agile 1, cold resistance 1
}: 1/15 runes: serpentine
a: Renounce Religion, Potion Petition, Call Merchant, Bribe Branch


You were on level 2 of the Vaults.
You worshipped Gozag.
Gozag was most pleased with you.
You visited 7 branches of the dungeon, and saw 32 of its levels.
You also visited: Bailey, Gauntlet and Ice Cave.

You collected 13167 gold pieces.
You spent 6404 gold pieces at shops.
You paid 2500 gold pieces to Gozag.

Inventory:

Hand Weapons
 k - the +11 rapier of Karma (weapon) {spect, rN+ Will+ Str-3}
   (You took it off a kobold on level 8 of the Dungeon)

   Str-3:     It affects your strength (-3).
   rN+:       It protects you from negative energy.
   Will+:     It increases your willpower.
Armour
 d - a +1 kite shield of reflection (worn)
 i - a +0 pair of boots (worn)
 v - the +0 mask of the Dragon (worn) {Will+ Slay+3 SInv}
   (You bought it in a shop on level 14 of the Dungeon)

   Slay+3:    It affects your accuracy & damage with ranged weapons and melee
   (+3).
   Will+:     It increases your willpower.
   SInv:      It lets you see invisible.
 z - a +2 pair of gloves of stealth (worn)
 J - the +4 ring mail "Qiocketz" (worn) {Int+4}
   (You bought it in a shop on level 13 of the Dungeon)

   Int+4:     It affects your intelligence (+4).
 L - a scarf of repulsion (worn)
 R - a +0 kite shield of fire resistance
 X - +2 ice dragon scales
Magical Staves
 x - a staff of fire
Jewellery
 b - the ring "Fyzam" (left hand) {Wiz *Slow rPois Dex+2}
   (You bought it in a shop on level 4 of the Lair of Beasts)

   [ring of wizardry]

   Wiz:       It improves your spell success rate.
   Dex+2:     It affects your dexterity (+2).
   rPois:     It protects you from poison *Slow: It may slow you when you take
   damage.
 g - a ring of protection from fire
 o - the ring of Qawnirre (right hand) {Fire Str+5 Dex-5 SInv}
   (You found it on level 12 of the Dungeon)

   [ring of fire]

   Fire:      It enhances your fire magic.
   Str+5:     It affects your strength (+5).
   Dex-5:     It affects your dexterity (-5).
   rF+:       It protects you from fire.
   rC-:       It makes you vulnerable to cold.
   SInv:      It lets you see invisible.
 B - the amulet of Eternal Harmony (around neck) {Reflect Int+2 SH+5}
   (You took it off a vault warden on level 1 of the Vaults)

   [amulet of reflection]

   Reflect:   It reflects blocked missile attacks.
   Int+2:     It affects your intelligence (+2).
   SH+5:      It affects your SH (+5).
 D - a +4 ring of protection
 E - a ring of fire
 Q - the ring of the Hare {EV+10}
   (You found it on level 10 of the Dungeon)

   [ring of evasion]

   EV+10:     It affects your evasion (+10).
 U - a ring of protection from cold
 Z - an amulet of reflection
Wands
 h - a wand of digging (8)
 C - a wand of flame (93)
 F - a wand of polymorph (3)
 H - a wand of charming (34)
 K - a wand of iceblast (18)
 M - a wand of acid (1)
 V - a wand of mindburst (16)
Scrolls
 c - 3 scrolls of fog
 e - a scroll of butterflies
 f - 5 scrolls of teleportation
 j - 15 scrolls of identify
 l - a scroll of silence
 n - 2 scrolls of immolation
 u - a scroll of torment
 y - 2 scrolls of revelation
 G - 5 scrolls of enchant weapon
 I - a scroll of fear
 P - 4 scrolls of vulnerability
 S - 2 scrolls of brand weapon
 T - 4 scrolls of amnesia
 W - 6 scrolls of enchant armour
Potions
 a - a potion of magic
 p - a potion of ambrosia
 q - 4 potions of attraction
 r - 4 potions of enlightenment
 s - 5 potions of haste
 t - 5 potions of invisibility
 w - 2 potions of lignification
 N - 3 potions of brilliance
 O - 4 potions of curing
 Y - 2 potions of berserk rage


   Skills:
 - Level 11.3 Fighting
 - Level 12.0 Short Blades
 + Level 8.6 Staves
 + Level 4.0 Armour
 - Level 10.5 Dodging
 - Level 12.7 Stealth
 * Level 8.9 Shields
 + Level 18.0 Spellcasting
 - Level 12.6 Conjurations
 - Level 8.2 Hexes
 - Level 10.0 Translocations
 - Level 5.2 Transmutations
 + Level 12.6 Fire Magic
 + Level 8.5 Evocations


You had 12 spell levels left.
You knew the following spells:

 Your Spells              Type           Power      Damage    Failure   Level
a - Blink                 Tloc           100%       N/A       1%          2
b - Momentum Strike       Conj/Tloc      100%       3d10      1%          2
c - Lesser Beckoning      Tloc           100%       N/A       1%          2
d - Tukima's Dance        Hex            65%        N/A       1%          3
e - Yara's Violent Unrav  Hex/Tmut       30%        3d13      9%          5
f - Dispersal             Tloc           35%        N/A       12%         6
g - Sticky Flame          Conj/Fire      99%        2d11      1%          4
h - Fireball              Conj/Fire      49%        3d19      1%          5
i - Cause Fear            Hex            32%        N/A       1%          4
j - Gell's Gravitas       Tloc           71%        N/A       1%          3
k - Iskenderun's Battles  Conj           79%        2d13      1%          5

Your spell library contained the following spells:

 Spells                   Type           Power      Damage    Failure   Level
 Apportation              Tloc           100%       N/A       1%          1
 Slow                     Hex            100%       N/A       1%          1
 Jinxbite                 Hex            100%       N/A       1%          2
 Wereblood                Tmut           54%        N/A       1%          2
 Confusing Touch          Hex            65%        N/A       1%          3
 Ignite Poison            Fire/Tmut/Pois 74%        N/A       1%          3
 Sigil of Binding         Hex            65%        N/A       1%          3
 Teleport Other           Tloc           71%        N/A       1%          3
 Passage of Golubria      Tloc           71%        N/A       1%          4
 Mephitic Cloud           Conj/Pois/Air  50%        N/A       2%          3
 Summon Guardian Golem    Hex/Summ       50%        N/A       2%          3
 Summon Small Mammal      Summ           100%       N/A       4%          1
 Poisonous Vapours        Pois/Air       52%        N/A       8%          2
 Sublimation of Blood     Necr           26%        N/A       8%          2
 Leda's Liquefaction      Hex/Erth       25%        N/A       9%          4
 Call Canine Familiar     Summ           26%        N/A       16%         3
 Ozocubu's Armour         Ice            26%        N/A       16%         3
 Vampiric Draining        Necr           26%        2d7       16%         3
 Freezing Cloud           Conj/Ice/Air   25%        6-21      24%         5
 Alistair's Intoxication  Tmut/Pois      27%        N/A       41%         5
 Bombard                  Conj/Erth      29%        9d5       47%         6
 Conjure Ball Lightning   Conj/Air       29%        3x3d8     47%         6
 Lee's Rapid Deconstruct  Erth           13%        3d9*      77%         5
 Ignition                 Fire           49%        3d14      86%         8
 Spellforged Servitor     Conj/Summ      29%        N/A       95%         7
 Disjunction              Tloc           35%        N/A       99%         8
 Haunt                    Necr/Summ      13%        N/A       100%        7
 Ozocubu's Refrigeration  Ice            13%        4d10      100%        7
 Summon Hydra             Summ           13%        N/A       100%        7
 Discord                  Hex            32%        N/A       100%        8
 Infestation              Necr           13%        N/A       100%        8
 Dragon's Call            Summ           13%        N/A       100%        9
 Animate Dead             Necr           Unusable   N/A       N/A         4

Dungeon Overview and Level Annotations

Branches:
Dungeon (15/15)            Temple (1/1) D:7            Lair (5/5) D:11
  Swamp (2/4) Lair:2        Snake (4/4) Lair:3        Slime (0/5) Lair:5
    Orc (2/2) D:11            Elf (0/3) Orc:2        Vaults (3/5) D:13
  Crypt (0/3) Vaults:2     Depths (0/4) D:15         Bailey (visited)
  IceCv (visited)         Gauntlet (visited)

Altars:
Ashenzari
Cheibriados
Dithmenos
Elyvilon
Fedhas
Gozag
Hepliaklqana
Kikubaaqudgha
Makhleb
Nemelex Xobeh
Okawaru
Qazlal
Ru
Sif Muna
Trog
Uskayaw
Vehumet
Wu Jian
Xom
Yredelemnul
Zin
The Shining One

Shops:
D:6 *   D:9 (   D:13 [!   D:14 [   Orc:2 [:*[   Lair:2 [   Lair:4 *   Snake:1 (
Vaults:2 (:

Annotations:
D:2 Sigmund
D:3 2 transporters, Zlot's ghost, weakling DsBe
D:7 exclusion: 6 doors
D:8 Grum
D:12 1 transporter
D:14 Snorg
Lair:5 Rupert
Swamp:1 exclusion: 3 downstairs
Snake:4 1 runed translucent door, Majang's ghost, adept MeSh


Innate Abilities, Weirdness & Mutations

You are agile. (Dex +4, Str/Int -1)
Your flesh is cold resistant. (rC+)


Message History

The peacekeeper roars a battlecry!
The war gargoyle goes into a battle-frenzy!
You block the war gargoyle's attack.
You climb upwards.
There is a stone staircase leading down here.
Okay, then.
Unknown command.
Unknown command.
Okay, then.
Unknown command.
Unknown command.
Casting: Yara's Violent Unravelling (dangerous; 6% risk of failure)
Confirm with . or Enter, or press ? or * to list all spells.
Okay, then.
Unknown command.
Casting: Yara's Violent Unravelling (dangerous; 6% risk of failure)
Confirm with . or Enter, or press ? or * to list all spells.
Casting: Dispersal (dangerous; 9% risk of failure)
Press: ? - help, Dir - look around, f - activate You miscast Dispersal.
You are very lightly contaminated with residual magic.
Nothing appears to happen.
You block the war gargoyle's attack.
Okay, then.
Unknown command.
Unknown command.
Press: ? - help, v - describe, . - travel
Here: a war gargoyle, wielding a +0 dire flail (heavily damaged, strong, catching its breath)
The floor.
Okay, then.
Unknown command.
You feel weaker.
You feel a bond with the +11 rapier of Karma {spect, rN+ Will+ Str-3}.
k - the +11 rapier of Karma (weapon)
{spect, rN+ Will+ Str-3} The war gargoyle hits you with a +0 dire flail!!
* * * LOW HITPOINT WARNING * * *
Unknown command.
You feel better.
The war gargoyle hits you with a +0 dire flail!!
You die...
Your body crumbles into a pile of gold.

.######..#
.#[...'..#
.#...)'..#
.######..#
..######.#
####
..'.)..'.#
#..###
..'....'.#
#....###
..######.#
#....9.###
.######..#
#...@....###
.'....#..#
#.....<....###
.'...}#..#
#............#
.######..#
#...∩)....>..#
[######..#
#...[........#
.'....#..#
#.[..........#
.'....#..#
#..[......####
.######..#
#......####
.........#
#)).####
########


You could see a war gargoyle (strong).

Vanquished Creatures
  2 sphinxes (Vaults:3)
  Kirke (Lair:4)
  An ancient champion (Vaults:2)
  2 nagarajas
  A frost giant (Vaults:1)
  A fenstrider witch (Swamp:1)
  4 vault wardens
  A ghoul (Vaults:2)
  An orc warlord (Vaults:2)
  A war gargoyle (Vaults:2)
  10 ironbound preservers
  7 ironbound thunderhulks
  A reaper (IceCv)
  A deep elf demonologist (Vaults:2)
  A vampire knight (Vaults:2)
  A minotaur (Gauntlet)
  An eleionoma (Swamp:1)
  6 dire elephants
  A crystal guardian (Vaults:2)
  Josephine (Orc:2)
  3 yaktaur captains
  An entropy weaver (shapeshifter) (Vaults:1)
  3 entropy weavers
  A fire dragon (D:15)
  An ice dragon (D:15)
  2 great orbs of eyes (Vaults:2)
  A hell beast (Gauntlet)
  A peacekeeper (Vaults:2)
  5 hydras
  6 salamander tyrants
  A ghost crab (Swamp:1)
  A vault guard (D:13)
  7 ironbound frosthearts
  11 centaur warriors
  6 naga warriors
  An ogre mage (D:15)
  4 boulder beetles
  5 alligators
  4 anacondas
  4 death yaks
  2 tengu warriors (D:13)
  A jorogumo (shapeshifter) (D:13)
  3 orc high priests (Orc:2)
  6 two-headed ogres
  4 shock serpents
  Sonja (Orc:2)
  15 naga sharpshooters
  2 skysharks (Lair:5)
  2 sixfirhies (D:12)
  7 skeletal warriors
  7 salamander mystics
  A goliath frog (Swamp:1)
  A flayed ghost (D:11)
  A death drake (Swamp:1)
  A glowing orange brain (Vaults:1)
  39 deep trolls
  6 sea snakes (Snake:2)
  8 ironbound convokers
  3 bog bodies (Swamp:1)
  5 naga ritualists
  A swamp dragon (Lair:2)
  A necromancer (Vaults:2)
  2 deep elf pyromancers (D:15)
  A phantasmal warrior (Vaults:2)
  6 harpies
  A deep elf zephyrmancer (D:15)
  3 arcanists (Vaults:2)
  14 lindwurms
  8 orc knights
  Pikel (D:4)
  8 cyclopes
  A wolf spider (Lair:5)
  15 ugly things
  7 mana vipers
  4 manticores
  An oklob plant (Lair:5)
  19 salamanders
  4 orc sorcerers
  3 vault sentinels
  4 elephants
  2 ice statues (IceCv)
  32 black mambas
  12 naga magi
  A torpor snail (Lair:4)
  4 guardian serpents (Snake:4)
  3 orange demons (D:12)
  A rust devil (D:12)
  A smoke demon (D:12)
  2 gargoyles
  3 unseen horrors
  10 cane toads
  A freezing wraith (D:15)
  3 rime drakes
  An anaconda simulacrum (IceCv)
  12 komodo dragons
  7 ice devils
  12 yaktaurs
  A red devil (D:12)
  8 trolls
  A polar bear (Lair:4)
  3 meliai (D:15)
  A meliai (shapeshifter) (D:14)
  2 hornets
  A tyrant leech (Swamp:1)
  8 dream sheep
  23 slime creatures
  4 shadows
  2 vampires
  9 wraiths
  4 dire elephant simulacra (IceCv)
  5 spriggans (Bailey)
  A fire bat (D:11)
  5 wyverns
  57 yaks
  4 basilisks
  3 chaos spawn (Gauntlet)
  A hog (Lair:5)
  21 vampire mosquitoes
  A redback (shapeshifter) (D:12)
  2 neqoxecs
  A human (D:13)
  A redback simulacrum (D:14)
  A death yak simulacrum (IceCv)
  A harpy simulacrum (IceCv)
  2 steam dragons (Lair:4)
  35 nagas
  2 wargs (Orc:2)
  5 swamp worms (Swamp:1)
  Edmund (D:6)
  4 acid dragons
  4 hydra simulacra (IceCv)
  2 hell hounds (Gauntlet)
  10 water moccasins
  2 sky beasts
  7 black bears
  25 orc warriors
  5 ice beasts
  7 boggarts
  4 wolves
  16 ogres
  11 centaurs
  2 lemures
  4 kobold brigands
  4 gnoll sergeants
  13 bullfrogs
  3 wights (D:9)
  An elephant simulacrum (IceCv)
  23 killer bees
  3 electric eels
  5 howler monkeys
  2 quasits (D:12)
  19 hounds
  15 orc priests
  A gnoll bouda (D:8)
  2 sleepcaps
  21 orc wizards
  3 hell rats
  10 adders
  21 gnolls
  2 naga simulacra (IceCv)
  6 river rats (Lair:3)
  A white imp (IceCv)
  3 ufetubi (D:4)
  A worm (D:3)
  2 dart slugs
  59 orcs
  6 endoplasms
  6 giant cockroaches
  10 goblins
  7 hobgoblins
  12 jackals
  23 kobolds
  6 quokkas
  5 ball pythons
  15 bats
  3 frilled lizards
  25 rats
1096 creatures vanquished.

Vanquished Creatures (collateral kills)
  An orc knight (Vaults:2)
  2 salamanders (Snake:4)
  2 nagas (Snake:2)
5 creatures vanquished.

Vanquished Creatures (others)
  A salamander tyrant (Snake:4)
  An orc knight (Vaults:2)
  3 dancing weapons
  A bloated husk (Swamp:1)
  A human (Lair:5)
  A boggart (Vaults:2)
  An orc priest (Orc:1)
  9 spectral weapons
18 creatures vanquished.

Grand Total: 1119 creatures vanquished

Notes
Turn   | Place    | Note
-------+----------+-------------------------------------------
     0 | D:5      | Jannitor the Deep Elf Delver began the quest for the Orb.
     0 | D:5      | Reached XP level 1. HP: 13/13 MP: 3/3
    97 | D:5      | Noticed a scorpion
   302 | D:3      | Reached XP level 2. HP: 14/18 MP: 4/4
   549 | D:3      | Found a transporter.
   561 | D:3      | Noticed an ice beast
   658 | D:3      | Noticed Zlot's ghost (weakling DsBe)
   674 | D:3      | Found a transporter.
   689 | D:3      | Found a blossoming altar of Fedhas.
   857 | D:3      | Reached XP level 3. HP: 22/22 MP: 5/5
   964 | D:2      | Noticed Sigmund
  1180 | D:1      | Learned a level 2 spell: Blink
  1823 | D:2      | Reached XP level 4. HP: 25/27 MP: 6/6
  2618 | D:2      | Upgraded the game from 0.31-a0-968-g24f9ace8b5 to
                  | 0.31-a0-981-geadf994542
  2690 | D:3      | Reached skill level 1 in Spellcasting
  2690 | D:3      | Reached skill level 1 in Translocations
  3076 | D:4      | Reached XP level 5. HP: 31/32 MP: 8/8
  3293 | D:4      | Noticed a lemure
  3295 | D:4      | Noticed a lemure
  3296 | D:4      | Noticed Pikel
  3296 | D:4      | Noticed a lemure
  3298 | D:4      | Noticed a lemure
  3319 | D:3      | Killed a lemure
  3408 | D:4      | Killed a lemure
  3660 | D:5      | Learned a level 2 spell: Momentum Strike
  3730 | D:6      | Learned a level 2 spell: Lesser Beckoning
  3732 | D:6      | Noticed a centaur
  3788 | D:5      | Noticed an ice beast
  3792 | D:6      | Noticed a centaur
  3797 | D:5      | Noticed an ice beast
  3844 | D:6      | Reached skill level 2 in Spellcasting
  3863 | D:6      | Noticed an ogre
  3866 | D:6      | Noticed Edmund
  3867 | D:6      | Noticed an ice beast
  3924 | D:6      | Noticed a black bear
  3953 | D:6      | Reached XP level 6. HP: 37/37 MP: 11/11
  4319 | D:4      | Reached skill level 1 in Conjurations
  4510 | D:5      | Noticed an ice beast
  4644 | D:6      | Reached skill level 3 in Spellcasting
  4644 | D:6      | Reached XP level 7. HP: 28/41 MP: 13/13
  4669 | D:6      | Identified the +3 dagger "Laawik" {freeze, rPois rN+
                  | Stlth-}
  4702 | D:6      | Found Noipp's Assorted Antiques.
  4711 | D:6      | Bought a scroll of teleportation for 87 gold pieces
  4750 | D:7      | Found a staircase to the Ecumenical Temple.
  4759 | Temple   | Entered the Ecumenical Temple
  4806 | Temple   | Became a worshipper of Gozag Ym Sagoz the Greedy
  4864 | D:7      | Found a broken altar of Ashenzari.
  4874 | D:7      | Noticed a skeletal warrior
  5068 | D:7      | Found a bloodstained altar of Trog.
  5102 | D:7      | Reached XP level 8. HP: 48/48 MP: 15/15
  5104 | D:7      | Reached skill level 4 in Spellcasting
  5115 | D:7      | Reached skill level 5 in Dodging
  5203 | D:7      | Noticed a skeletal warrior
  5259 | D:6      | Killed Edmund
  5517 | D:5      | Reached skill level 5 in Spellcasting
  5676 | D:5      | Reached skill level 5 in Short Blades
  5895 | D:4      | Killed Pikel
  5896 | D:4      | Reached XP level 9. HP: 47/53 MP: 19/19
  6242 | D:7      | Reached skill level 5 in Fighting
  6246 | D:7      | Reached skill level 6 in Spellcasting
  6527 | D:7      | Noticed a skeletal warrior
  6528 | D:7      | Noticed a skeletal warrior
  6622 | D:8      | Reached skill level 5 in Translocations
  6805 | D:8      | Found a flagged portal.
  6812 | D:8      | Reached skill level 5 in Conjurations
  6854 | Bailey   | Entered a bailey
  6878 | Bailey   | Learned a level 3 spell: Tukima's Dance
  7021 | Bailey   | Reached skill level 1 in Hexes
  7021 | Bailey   | Reached XP level 10. HP: 55/59 MP: 22/22
  7338 | Bailey   | Reached skill level 7 in Spellcasting
  7410 | Bailey   | Noticed a two-headed ogre
  7416 | Bailey   | Killed a two-headed ogre
  7565 | D:8      | Reached skill level 1 in Staves
  7688 | D:8      | Reached skill level 10 in Stealth
  7819 | D:8      | Noticed Grum
  8258 | D:8      | Identified the +11 rapier of Karma {spect, rN+ Will+ Str-3}
  8719 | D:9      | Found Ranenist's Weapon Shop.
  8766 | D:9      | Found a radiant altar of Vehumet.
  9141 | D:9      | Reached XP level 11. HP: 61/64 MP: 24/24
  9300 | D:9      | Found an ornate altar of the Wu Jian Council.
  9334 | D:9      | Noticed a two-headed ogre
  9338 | D:9      | Reached skill level 8 in Spellcasting
  9349 | D:9      | Killed a two-headed ogre
  9632 | D:10     | Entered Level 10 of the Dungeon
 10274 | D:10     | Found a hazy altar of Hepliaklqana.
 10274 | D:10     | Found the ring of the Hare {EV+10}
 10313 | D:10     | Learned a level 5 spell: Yara's Violent Unravelling
 10636 | D:10     | Reached skill level 5 in Hexes
 10750 | D:11     | Found a staircase to the Orcish Mines.
 10778 | D:11     | Reached skill level 1 in Transmutations
 10848 | D:11     | Found a staircase to the Lair.
 10849 | D:11     | Noticed a two-headed ogre
 10850 | D:11     | Noticed a boulder beetle
 10875 | D:11     | Killed a boulder beetle
 10888 | D:11     | Killed a two-headed ogre
 10920 | D:11     | Noticed a two-headed ogre
 10926 | D:11     | Killed a two-headed ogre
 10927 | D:11     | Reached skill level 9 in Spellcasting
 11232 | D:11     | Found an opulent altar of Gozag.
 11363 | D:11     | Found a runed translucent door.
 11392 | D:11     | Reached XP level 12. HP: 37/71 MP: 27/27
 11444 | D:11     | Found a shimmering blue altar of Sif Muna.
 11492 | D:11     | Found a glowing silver altar of Zin.
 11526 | D:11     | Found a blossoming altar of Fedhas.
 11544 | D:11     | Found a sacrificial altar of Ru.
 11558 | D:11     | Found a glowing golden altar of the Shining One.
 11573 | D:11     | Found a stormy altar of Qazlal.
 11604 | D:11     | Identified the maw talisman of Reujad {rF+ rN+ Dex+2}
 11998 | Lair:1   | Entered Level 1 of the Lair of Beasts
 12108 | Lair:1   | Learned a level 4 spell: Passage of Golubria
 12915 | Lair:2   | Bought an ichor-stained robe for 165 gold pieces
 12915 | Lair:2   | Identified the +1 robe of Qouxkede {Str+2 Dex+2} (You
                  | bought it in a shop on level 2 of the Lair of Beasts)
 12992 | Lair:3   | Reached skill level 10 in Spellcasting
 13028 | Lair:3   | Found a staircase to the Snake Pit.
 13059 | Lair:3   | Noticed a six-headed hydra
 13274 | Lair:2   | Reached skill level 10 in Dodging
 13526 | Lair:2   | Found a staircase to the Swamp.
 13700 | Lair:2   | Noticed a death yak
 13700 | Lair:2   | Noticed a death yak
 13867 | Lair:2   | Noticed a death yak
 13931 | Lair:2   | Learned a level 4 spell: Sticky Flame
 13963 | Lair:2   | Reached XP level 13. HP: 77/77 MP: 29/29
 14452 | Lair:1   | Reached skill level 1 in Armour
 14552 | Lair:2   | Reached skill level 5 in Transmutations
 15682 | Lair:4   | Learned a level 5 spell: Fireball
 15969 | Lair:4   | Bought a glittering amber ring for 155 gold pieces
 15969 | Lair:4   | Identified the ring "Fyzam" {Wiz *Slow rPois Dex+2} (You
                  | bought it in a shop on level 4 of the Lair of Beasts)
 16171 | Lair:4   | Reached skill level 1 in Fire Magic
 16180 | Lair:5   | Entered Level 5 of the Lair of Beasts
 16202 | Lair:5   | Found a gate leading to a gauntlet.
 16240 | Lair:5   | Reached skill level 11 in Spellcasting
 16288 | Gauntlet | Entered a Gauntlet
 16288 | Gauntlet | Found a transporter.
 16288 | Gauntlet | Found a transporter.
 16331 | Gauntlet | Found a transporter.
 16349 | Gauntlet | Found a transporter.
 16349 | Gauntlet | Found a transporter.
 16349 | Gauntlet | Found a transporter.
 16351 | Gauntlet | Found a transporter.
 16351 | Gauntlet | Found a transporter.
 16363 | Gauntlet | Found a transporter.
 16379 | Gauntlet | Found a transporter.
 16388 | Gauntlet | Found a runed translucent gate.
 16389 | Gauntlet | Found a transporter.
 16389 | Gauntlet | Found a runed translucent gate.
 16390 | Gauntlet | Found a runed translucent gate.
 16391 | Gauntlet | Noticed a reaper
 16403 | Gauntlet | Found a transporter.
 16437 | Gauntlet | Found a transporter.
 16449 | Gauntlet | Found a transporter.
 16529 | Gauntlet | Gained mutation: You occasionally shout uncontrollably at
                  | your foes. [a neqoxec]
 16617 | Gauntlet | Identified the ring "Refaodol" {rC- MP+9 Str+6}
 16723 | Gauntlet | Lost mutation: You occasionally shout uncontrollably at
                  | your foes. [potion of mutation]
 16723 | Gauntlet | Gained mutation: Your flesh is cold resistant. (rC+)
                  | [potion of mutation]
 16723 | Gauntlet | Gained mutation: You are agile. (Dex +4, Str/Int -1)
                  | [potion of mutation]
 16762 | Gauntlet | Identified the +11 flail of Eternal Vigilance {flame, rC+
                  | rN+}
 16762 | Gauntlet | Noticed a minotaur
 16773 | Gauntlet | Killed a minotaur
 17042 | Lair:5   | Learned a level 4 spell: Cause Fear
 17046 | Lair:5   | Learned a level 3 spell: Gell's Gravitas
 17068 | Lair:5   | Noticed Rupert
 17088 | Lair:5   | Noticed Kirke
 17832 | Lair:4   | Noticed a dire elephant
 17832 | Lair:4   | Noticed a dire elephant
 17992 | Lair:4   | Reached XP level 14. HP: 74/84 MP: 26/31
 18167 | Orc:1    | Entered Level 1 of the Orcish Mines
 18644 | Orc:2    | Entered Level 2 of the Orcish Mines
 18678 | Orc:2    | Reached skill level 12 in Spellcasting
 18751 | Orc:2    | Noticed Josephine
 19054 | Orc:2    | Killed Josephine
 19318 | Orc:2    | Noticed Sonja
 19326 | Orc:2    | Killed Sonja
 19397 | Orc:2    | Found a staircase to the Elven Halls.
 19934 | Orc:2    | Reached skill level 5 in Fire Magic
 20221 | Orc:2    | Reached skill level 10 in Short Blades
 20245 | Orc:2    | Found Ruzinnin's Armour Boutique.
 20245 | Orc:2    | Found Ximetoy's General Store.
 20251 | Orc:2    | Found Solehurgh's Book Boutique.
 20251 | Orc:2    | Found Mal Mono's Armour Shoppe.
 20445 | Lair:2   | Bought runed ice dragon scales for 1827 gold pieces
 20517 | D:12     | Found a frozen archway.
 20568 | IceCv    | Entered an ice cave
 21008 | IceCv    | Noticed a reaper
 21045 | IceCv    | Killed a reaper
 21756 | D:12     | Reached skill level 13 in Spellcasting
 22092 | D:12     | Identified the +1 spear of Jiuqus {drain, rF+ Str+5}
 22111 | D:12     | Found a shadowy altar of Dithmenos.
 22129 | D:12     | Identified the ring of Qawnirre {Fire Str+5 Dex-5 SInv}
 22414 | D:12     | Found a transporter.
 22543 | D:12     | Found a transporter.
 23268 | D:13     | Found Sipn's Distillery.
 23343 | D:13     | Bought a potion of berserk rage for 80 gold pieces
 23343 | D:13     | Bought a potion of heal wounds for 80 gold pieces
 23343 | D:13     | Bought 2 potions of haste for 320 gold pieces
 23343 | D:13     | Bought a potion of haste for 160 gold pieces
 23343 | D:13     | Bought a potion of berserk rage for 80 gold pieces
 23343 | D:13     | Bought a potion of curing for 48 gold pieces
 23343 | D:13     | Bought a potion of ambrosia for 128 gold pieces
 23552 | Lair:2   | Bought a pair of glowing gloves for 217 gold pieces
 23552 | Lair:2   | Bought a runed scarf for 232 gold pieces
 23753 | Lair:4   | Reached skill level 10 in Conjurations
 24104 | Lair:4   | Killed Kirke
 24105 | Lair:4   | Reached XP level 15. HP: 91/91 MP: 11/34
 24260 | Lair:5   | Found a staircase to the Slime Pits.
 25282 | D:13     | Found Juicw's Antique Armour Shoppe.
 25300 | D:13     | Bought a shiny kite shield for 232 gold pieces
 25300 | D:13     | Bought a dazzling ring mail for 279 gold pieces
 25300 | D:13     | Identified the +4 ring mail "Qiocketz" {Int+4} (You bought
                  | it in a shop on level 13 of the Dungeon)
 25605 | D:13     | Found a gate to the Vaults.
 26240 | D:14     | Reached skill level 14 in Spellcasting
 26423 | D:14     | Found Ketab's Antique Armour Boutique.
 26429 | D:14     | Bought the +0 mask of the Dragon {Will+ Slay+3 SInv} for
                  | 634 gold pieces
 26429 | D:14     | Found the +0 mask of the Dragon {Will+ Slay+3 SInv}
 26487 | D:14     | Noticed Snorg
 26711 | D:15     | Entered Level 15 of the Dungeon
 26784 | D:15     | Reached skill level 10 in Fighting
 28536 | D:15     | Found a staircase to the Depths.
 28815 | Snake:1  | Entered Level 1 of the Snake Pit
 29294 | Snake:1  | Found Sikhlyepn's Antique Weapon Shoppe.
 30172 | Snake:1  | Reached skill level 15 in Spellcasting
 30842 | Snake:2  | Reached XP level 16. HP: 98/98 MP: 31/37
 31096 | Snake:2  | Upgraded the game from 0.31-a0-981-geadf994542 to
                  | 0.31-a0-984-gbfb7dba898
 31111 | Snake:2  | Identified a scroll of acquirement
 31412 | Snake:2  | Acquired a staff of fire
 31873 | Snake:2  | Reached skill level 1 in Evocations
 34049 | Snake:3  | Identified the +1 rapier of the Hall of Blades {freeze, rN+
                  | Dex+2}
 34673 | Snake:4  | Entered Level 4 of the Snake Pit
 34710 | Snake:4  | Found a runed translucent door.
 34710 | Snake:4  | Noticed Majang's ghost (adept MeSh)
 35342 | Snake:4  | Reached skill level 10 in Fire Magic
 37424 | Snake:4  | Reached skill level 16 in Spellcasting
 37757 | Snake:3  | Reached skill level 5 in Staves
 39030 | Snake:4  | Reached XP level 17. HP: 104/104 MP: 21/39
 39244 | Snake:4  | Reached skill level 1 in Shields
 39923 | Snake:4  | Reached skill level 5 in Evocations
 39980 | Snake:4  | Got a serpentine rune of Zot
 40180 | Swamp:1  | Entered Level 1 of the Swamp
 41933 | Vaults:1 | Entered Level 1 of the Vaults
 42278 | Vaults:1 | Noticed a sphinx
 43246 | Vaults:1 | Learned a level 6 spell: Dispersal
 43252 | Vaults:1 | Learned a level 5 spell: Iskenderun's Battlesphere
 44561 | Vaults:1 | Reached skill level 17 in Spellcasting
 44809 | Vaults:1 | Reached skill level 5 in Shields
 46511 | Vaults:1 | Identified the amulet of Eternal Harmony {Reflect Int+2
                  | SH+5}
 46870 | Vaults:2 | Reached XP level 18. HP: 110/110 MP: 26/41
 48481 | Vaults:2 | Bought a manual of Shields for 1680 gold pieces
 49151 | Vaults:2 | Found Boymek's Antique Weapon Emporium.
 49504 | Vaults:2 | Reached skill level 10 in Translocations
 50766 | Vaults:2 | Found a staircase to the Crypt.
 52605 | Vaults:3 | Reached skill level 18 in Spellcasting
 52631 | Vaults:2 | Mangled by a war gargoyle

Illustrated notes

Levels and vault maps discovered:
D:1:      dpeg_arrival_ternary, layout_loops_corners, minmay_domino_4
D:2:      minmay_chambers_of_twos, layout_basic, minmay_rat_hole, uniq_sigmund
D:3:      layout_loops_ring, fedhas_ov_isle_minmay, gammafunk_ghost_stat_death
D:4:      layout_cave_pools, minivault_23, nicolae_elevator_lobby_plus,
          uniq_pikel
D:5:      layout_rooms
D:6:      layout_rooms, serial_shops, nicolae_shop_tiny_waterfront, uniq_edmund
D:7:      layout_basic, trog_three_pillars_becter,
          mainiacjoe_overflow_six_doors_small, minmay_temple_entry_grid
D:8:      layout_cave_pools, enter_bailey_3, serial_gnoll_camp,
          gnoll_camp_mini_loothouse, gnoll_camp_mini_doghouse,
          gnoll_camp_huts_basic, grums_kennel, gnoll_camp_mini_doghouse,
          gnoll_camp_mini_basic, lemuel_flamethrower_2
D:9:      minmay_s_stair_smasher, layout_rooms,
          mainiacjoe_overflow_large_starburst, serial_shops, shop,
          nicolae_benzene_ring
D:10:     layout_irregular_city, mainiacjoe_overflow_chevrons,
          serial_co_window_serial, co_window_of_opportunity_a,
          co_window_corner_a, co_window_paths_a, co_window_paths_a,
          co_window_corner_a, co_window_corner_a, co_window_cross_1,
          co_window_corner_a, co_window_corner_a, co_window_2corner,
          co_window_corner_b, co_window_2corner, co_window_4corner_a,
          glass_columns_c, glass_columns_a, glass_columns_a, glass_columns_a,
          glass_columns_a
D:11:     due_megacathedral, layout_loops_cross, david_lair_generic,
          serial_glass, glass_columns_a, glass_columns_a, item_on_display_a,
          minmay_strange_pillars, grunt_gozag_statues, uniq_grum
D:12:     gammafunk_worm_tunnel, layout_basic, portal_ice_cave_entry_pillars_1,
          serial_demonic, serial_demonic_b, serial_demonic_b, serial_demonic_g,
          serial_demonic_e, serial_demonic_a, serial_demonic_a,
          serial_demonic_d, serial_demonic_b, nicolae_dithmenos_the_darkroom
D:13:     layout_roguey, hellmonk_vaults_keyhole, serial_shops, shop,
          nicolae_diamond_shop
D:14:     layout_rooms, serial_shops, nicolae_shop_crystal, uniq_snorg
D:15:     grunt_enter_depths_hoard, layout_gridville, lightli_fourway_metalbox
Temple:   lightli_temple_of_artemis
Lair:1:   layout_chaotic_city, infiniplex_staircase_pool_2, grunt_megastairs_3,
          serial_bayou_shore_b, lemuel_fruit_fields
Lair:2:   layout_chaotic_city, mainiacjoe_swamp_entry_lozenge_pond
Lair:3:   layout_cave_pods, minmay_snake_entry_guardpost_small,
          kennysheep_rathole, infiniplex_staircase_pool
Lair:4:   layout_hall_layers, small_statue_intersection,
          nicolae_lair_lakeside_cave
Lair:5:   evilmike_catoblepas_cave, layout_regular_city,
          dpeg_slime_entry_corner, gauntlet_entry_generic, uniq_rupert,
          uniq_kirke
Swamp:1:  layout_falls_marsh, serial_swamp_ruin, evilmike_swamp_ruin_house_5,
          evilmike_swamp_ruin_house_1, evilmike_swamp_ruin_house_3,
          cheibrodos_swamp_witchery
Swamp:2:  nicolae_swamp_husk_halls, layout_falls_marsh,
          hangedman_swamp_ruin_wall
Snake:1:  layout_layer_cave, serial_shops, nicolae_take_the_stairs
Snake:2:  nicolae_sea_snake_s, layout_cave_shapes, serial_bayou_lagoon_a,
          hangedman_corner_corridor
Snake:3:  layout_chambers, grunt_ministairs_4, serial_bayou_shore_b,
          grunt_megastairs_5
Snake:4:  grunt_snake_rune_pools, layout_concentric_octagons,
          hellmonk_ghost_happy_afterlife
Orc:1:    layout_caves
Orc:2:    grunt_orc_tribal_feast, layout_caves, minmay_orc_temple_a,
          uniq_josephine, uniq_sonja
Vaults:1: v_rooms_4, nicolae_vaults_tangram_1, vaults_room_door_ring,
          nicolae_vaults_layer_cake_slice, nicolae_vaults_little_squares_6,
          grunt_vaults_twisty, nicolae_vaults_heart-shaped_vault, v_rooms_6,
          v_alt_pattern_2, nicolae_vaults_tetromino_L_1,
          nicolae_vaults_shrinking_rooms_1, ontoclasm_vaults_decontamination,
          nicolae_vaults_security_offices_6, nicolae_vaults_two_Ls,
          layout_vaults_ring
Vaults:2: hangedman_vaults_stitches, minmay_crypt_entry_simple_plaza,
          nicolae_vaults_sesquioval_fish, ontoclasm_vaults_loading_screen,
          v_pattern_2, v_misc_9, nicolae_vaults_shipping_containers_1,
          nicolae_vaults_closet_pinwheel_5, v_misc_29,
          nicolae_vaults_trapezoid_lopsided_4,
          nicolae_vaults_variable_pillar_hall, layout_vaults_maze, serial_shops,
          shop
Vaults:3: nicolae_vaults_tetromino_L_2, v_pattern_1,
          nicolae_vaults_offset_grid_hallway_3, nicolae_vaults_little_squares_1,
          vaults_room_hallway, grunt_vaults_hallway_long,
          nicolae_vaults_more_shelving_1, ontoclasm_vaults_loading_screen,
          v_misc_5, nicolae_vaults_sesquioval_fish, layout_vaults_big_room,
          uniq_margery

Skill      XL: |  1  2  3  4  5  6  7  8  9 10 11 12 13 14 15 16 17 18 |
---------------+-------------------------------------------------------+-----
Dodging        | 3 4 6 7 8 9 10 | 10.5
Fighting       | 3 4 5 6 7 8 9 10 11 | 11.3
Spellcasting   | 1 2 3 5 6 7 9 10 11 13 15 16 17 18 | 18.0
Translocations | 1 2 3 4 5 6 7 8 9 10 | 10.0
Short Blades   | 3 4 5 6 7 8 9 10 11 12 | 12.0
Stealth        | 7 8 9 10 11 12 | 12.7
Conjurations   | 1 2 4 5 6 8 10 11 12 | 12.6
Hexes          | 1 3 6 7 8 |  8.2
Staves         | 2 5 7 8 |  8.6
Transmutations | 2 4 5 |  5.2
Armour         | 1 4 |  4.0
Fire Magic     | 4 7 9 10 11 12 | 12.6
Evocations     | 4 7 8 |  8.5
Shields        | 5 8 |  8.9

Action                     |  1- 3 |  4- 6 |  7- 9 | 10-12 | 13-15 | 16-18 || total
---------------------------+-------+-------+-------+-------+-------+-------++-------
  Melee: Short sword       |   160 |     6 |   217 |    20 |       |       ||   403
         Dagger            |       |   276 |    85 |       |       |       ||   361
         Punch             |       |     1 |     1 |     4 |    22 |     2 ||    30
         Quarterstaff      |       |       |       |   148 |       |       ||   148
         Rapier            |       |       |       |   382 |   882 |   227 ||  1491
         Staff             |       |       |       |       |       |    97 ||    97
  Throw: Dart              |       |       |     6 |       |       |       ||     6
   Cast: Momentum Strike   |       |     2 |    12 |    14 |     3 |     3 ||    34
         Blink             |       |       |     1 |       |     4 |       ||     5
         Lesser Beckoning  |       |       |     5 |     6 |    72 |    32 ||   115
         Passage of Golubr |       |       |       |     2 |       |       ||     2
         Sticky Flame      |       |       |       |       |    57 |    55 ||   112
         Fireball          |       |       |       |       |   126 |   474 ||   600
         Yara's Violent Un |       |       |       |       |     3 |    26 ||    29
         Cause Fear        |       |       |       |       |     2 |     1 ||     3
         Tukima's Dance    |       |       |       |       |     3 |    39 ||    42
         Gell's Gravitas   |       |       |       |       |       |     6 ||     6
         Iskenderun's Batt |       |       |       |       |       |    34 ||    34
 Invoke: Call Merchant     |       |       |       |     1 |     1 |     1 ||     3
  Evoke: Wand              |       |       |    15 |    11 |     9 |    10 ||    45
    Use: Potion            |     1 |     3 |     4 |     7 |    10 |     8 ||    33
         Scroll            |     2 |    12 |     5 |     9 |    16 |    11 ||    55
   Stab: Sleeping          |    13 |    13 |     5 |    26 |    31 |       ||    88
         Distracted        |       |       |     3 |    11 |    37 |    13 ||    64
         Invisible         |       |       |       |       |     4 |       ||     4
 Armour: Leather armour    |    70 |   141 |   151 |   237 |       |       ||   599
         Skin              |       |       |    19 |       |       |       ||    19
         Robe              |       |       |       |    23 |   153 |       ||   176
         Ring mail         |       |       |       |       |    55 |   273 ||   328
  Dodge: Dodged            |    83 |   146 |   150 |   500 |   566 |   294 ||  1739
         Repelled          |       |       |       |       |     6 |     8 ||    14
  Block: Other             |       |       |       |       |   100 |    28 ||   128
         Reflection        |       |       |       |       |     4 |    22 ||    26
         Kite shield       |       |       |       |       |       |   130 ||   130

Table legend: (Time is in decaauts)
 A = Elapsed time spent in this place.
 B = Non-inter-level travel time spent in this place.
 C = Inter-level travel time spent in this place.
 D = Time resting spent in this place.
 E = Time spent auto-exploring this place.
 F = Levels seen in this place.
 G = Mean time per level.
                   A        B        C        D        E       F      G
               +--------+--------+--------+--------+--------+-----+--------+
         Total |  52190 |  49606 |   2584 |  15167 |  23871 |  35 | 1491.1 |
       Dungeon |  17737 |  16505 |   1232 |   2788 |   9657 |  15 | 1182.5 |
        Temple |     61 |     61 |      0 |      0 |      0 |   1 |   61.0 |
          Lair |   7186 |   6474 |    712 |   1168 |   3710 |   5 | 1437.2 |
         Swamp |   1501 |   1447 |     54 |    616 |    618 |   2 |  750.5 |
     Snake Pit |  11206 |  10949 |    257 |   3959 |   5269 |   4 | 2801.5 |
  Orcish Mines |   2103 |   2045 |     58 |    482 |    955 |   2 | 1051.5 |
        Vaults |  10270 |  10002 |    268 |   5407 |   3098 |   3 | 3423.3 |
        Bailey |    660 |    660 |      0 |    292 |     60 |   1 |  660.0 |
      Ice Cave |    975 |    975 |      0 |    338 |    330 |   1 |  975.0 |
      Gauntlet |    487 |    487 |      0 |    115 |    172 |   1 |  487.0 |
               +--------+--------+--------+--------+--------+-----+--------+

Top non-repeatable levels by time:
Vaults:1: 5394 daAuts
Vaults:2: 4230 daAuts
 Snake:4: 4086 daAuts
 Snake:3: 2952 daAuts
  Lair:4: 2237 daAuts
 Snake:2: 2192 daAuts
    D:13: 1988 daAuts
 Snake:1: 1975 daAuts
    D:15: 1887 daAuts
  Lair:2: 1859 daAuts
    D:11: 1527 daAuts
    D:12: 1507 daAuts
 Swamp:1: 1498 daAuts
   Orc:2: 1460 daAuts
     D:8: 1311 daAuts
